 Dungeon Crawl Stone Soup version 0.19-a0-1041-g82b1012 (webtiles) character file.

104310 4thArraOfDagon the Severer (level 15, -7/149 HPs)
             Began as a Deep Dwarf Berserker on July 30, 2016.
             Was a Believer of Trog.
             Mangled by a tengu reaver
             ... wielding a +0 long sword of holy wrath
              (14 damage)
             ... on level 5 of the Vaults.
             The game lasted 01:00:07 (6267 turns).

4thArraOfDagon the Severer (Deep Dwarf Berserker)   Turns: 6267, Time: 01:00:07

Health: -7/149     AC: 18    Str: 27    XL:     15   Next: 54%
Magic:  4/4        EV:  9    Int: 12    God:    Trog [**....]
Gold:   60         SH:  0    Dex: 15    Spells: 0 memorised, 14 levels left

rFire  . . .     SeeInvis +     k - +6 battleaxe of Slime {elec, rElec Int+4 Dex+3}
rCold  + . .     Gourm    .     t - +0 plate armour
rNeg   + . .     Faith    .     (shield currently unavailable)
rPois  +         Spirit   .     O - +2 hat
rElec  +         Dismiss  .     K - +0 cloak
rCorr  .         Reflect  .     n - +2 pair of gloves
SustAt +         Harm     .     y - +0 pair of boots
MR     ++...                    (no amulet)
Stlth  ..........               I - ring of sustain attributes
                                C - ring of protection from cold

@: about to teleport, corroded, very slightly contaminated, non-regenerating,
drained, invisible, very resistant to hostile enchantments, extremely unstealthy
A: damage resistance, recharge devices, rugged brown scales 1, see invisible,
blink, negative energy resistance 1, sense surroundings 2, poison resistance,
slow regeneration 3
a: Device Recharging, Blink, Berserk, Trog's Hand, Burn Spellbooks, Renounce
Religion
}: 1/15 runes: decaying


You were on level 5 of the Vaults.
You worshipped Trog.
Trog was pleased with you.
You were not hungry.

You visited 4 branches of the dungeon, and saw 29 of its levels.
You also visited: Bailey.

You collected 870 gold pieces.
You spent 810 gold pieces at shops.

Inventory:

Hand Weapons
 a - a +0 hand axe
 k - the +6 battleaxe of Slime (weapon) {elec, rElec Int+4 Dex+3}
   (You found it on level 5 of the Vaults)

   Occasionally, upon striking a foe, it will discharge some electrical energy
   and cause terrible harm.
   It affects your intelligence (+4).
   It affects your dexterity (+3).
   It insulates you from electricity.
 v - a +6 battleaxe of chopping
Missiles
 q - 9 javelins (quivered)
Armour
 b - a +0 animal skin
 m - a +0 ring mail
 n - a +2 pair of gloves (worn)
 t - a +0 plate armour (worn)
 w - a +4 scale mail of fire resistance
 y - a +0 pair of boots (worn)
 K - a +0 cloak (worn)
 L - a +0 ice dragon armour
 O - a +2 hat (worn)
Jewellery
 p - an uncursed ring of wizardry
 C - a ring of protection from cold (left hand)
 D - a +2 ring of intelligence
 I - a ring of sustain attributes (right hand)
Wands
 c - a wand of heal wounds (2/9)
 g - a wand of lightning (3/15)
 i - a wand of paralysis (3/24)
 o - a wand of teleportation (0/9)
 x - a wand of iceblast (0/15)
 z - a wand of teleportation (1/9)
Scrolls
 e - 5 scrolls of remove curse
 f - a scroll of amnesia
 h - 4 scrolls of enchant armour
 s - a scroll of blinking
 G - a scroll of fear
 H - a scroll of teleportation
 N - a scroll of noise
 Q - a scroll of magic mapping
 S - a scroll of fog
Potions
 j - 4 potions of curing
 l - a potion of brilliance
 r - a potion of flight
 A - 2 potions of degeneration
 B - a potion of berserk rage
 E - a potion of might
 F - a potion of cancellation
 R - a potion of resistance
Books
 T - a book of Summonings

   Spells                             Type                      Level
   a - Recall                         Summoning/Translocation      3
   b - Aura of Abjuration             Summoning                    5
   c - Summon Demon                   Summoning                    5
   d - Summon Forest                  Summoning/Translocation      5
   e - Summon Mana Viper              Hexes/Summoning              5
   f - Shadow Creatures               Summoning                    6
   Trog disapproves of the use of such an item.
Miscellaneous
 P - a box of beasts
Comestibles
 d - 3 bread rations


   Skills:
 - Level 12.2(11.8) Fighting
 - Level 18.8(18.3) Axes
 + Level 14.1(13.7) Armour
 - Level 2.1(1.8) Dodging
 * Level 14.0(13.6) Evocations


You had 14 spell levels left.
You didn't know any spells.

Dungeon Overview and Level Annotations

Branches:
Dungeon (14/15)            Temple (0/1) D:6            Lair (6/6) D:10
  Swamp (4/4) Lair:3          Orc (0/2) D:11         Vaults (5/5) D:14
  Snake: Lair:2-4    Spider: Lair:2-4     Slime: Lair:5-6     Crypt: Vaults:2-3

Altars:

Shops:
D:4 *   D:11 (   Vaults:5 ?!?!!!

Annotations:
Lair:2 exclusion: oklob plant
Lair:6 exclusion: 3 oklob plants
Vaults:4 Boris
Vaults:5 Jorgrun


Innate Abilities, Weirdness & Mutations

You are resistant to damage.
You can recharge devices by infusing magical energy.
You resist negative energy. (rN+)
You passively map the area around you.
You do not regenerate naturally.
You are partially covered in rugged brown scales. (AC +1, +3% HP)
You have supernaturally acute eyesight. (SInv)
You can translocate small distances at will.
Your system is resistant to poisons. (rPois)


Message History

Unknown command.
Evoke which item? (* to show all) (? for menu, Esc to quit)
Zapping:
c - a wand of heal wounds (3/9)
Press: ? - help, Shift-Dir - straight line, f - you You feel much better.
This wand has 2 charges left.
The ettin hits you with a dire flail!!
* * * LOW HITPOINT WARNING * * *
The ettin hits you with a dire flail!
* * * LOW HITPOINT WARNING * * *
The titan waves its arms in wide circles.
The air twists around and strikes you!
* * * LOW HITPOINT WARNING * * *
The shadow dragon bites you!
* * * LOW HITPOINT WARNING * * *
You partially resist.
You feel drained. The shadow dragon barely misses you. x2
The stone giant hits you!
* * * LOW HITPOINT WARNING * * *
Jorgrun hits you with a staff of earth.
The tengu reaver hits you with a long sword of holy wrath!
You die...

. ,, , ,............# .
,, ............# .,, ,
...C...O....# # #####*
#########cC..# . ....#
.....#....(..# . ,...##
.%...#....#(.# .. #....
.##...HO(.#(.# e.##...
.##..*QDC.#..# ......#
...pD.#C@..#Q.#
..e...##O.C.p.#.g..#..#
.p..O.OO..#* ,#....#..#
p.g.pQ.e..##. #C...#..#
.e##ypp.......#....#..#
..##D.C.p...p.#....#..#
...ppp##.....:#p...#(.#
......# .....}#....#..#
OS##......##..#....#..#


You could see a shadow dragon, Jorgrun, a titan, a fire giant, a stone giant, a
tengu reaver, a yaktaur captain, a vault guard, an ettin, a harpy, a two-headed
ogre and a battlesphere.

Vanquished Creatures
  A lich (Vaults:5)
  A quicksilver dragon (Vaults:5)
  2 thorn hunters (Swamp:4)
  A vault warden (Vaults:4)
  A ghoul (Vaults:5)
  A war gargoyle (Vaults:5)
  3 ironheart preservers
  A very ugly thing (Vaults:3)
  A deep elf annihilator (Vaults:3)
  2 fire dragons
  A great orb of eyes (Vaults:4)
  An ice dragon (Lair:3)
  2 yaktaur captains
  A ghost crab (Swamp:1)
  3 ogre magi
  4 hydras
  13 vault guards
  A death knight (D:12)
  6 alligators
  Erica (Lair:2)
  A satyr (shapeshifter) (Vaults:3)
  A deep troll shaman (Vaults:4)
  A death yak (Lair:5)
  Urug (D:10)
  A deep elf knight (Vaults:4)
  A spriggan (Swamp:4)
  A spriggan druid (Swamp:3)
  2 unseen horrors
  2 deep trolls (Vaults:4)
  3 necromancers
  4 swamp dragons
  2 phantasmal warriors (D:12)
  2 hill giants (D:12)
  2 orc knights (Vaults:3)
  A deep elf archer (Vaults:3)
  2 ironbrand convokers
  3 shambling mangroves (Swamp:4)
  A deep elf mage (Vaults:3)
  2 hornets
  A griffon (Vaults:3)
  2 manticores (D:11)
  An ugly thing (D:12)
  An orc sorcerer (Vaults:3)
  2 black mambas
  A fire giant skeleton (Vaults:4)
  A centaur zombie (D:12)
  2 vault sentinels
  14 spiny frogs
  A torpor snail (Lair:5)
  6 rime drakes
  A centaur skeleton (D:12)
  A kobold demonologist (D:13)
  5 yaktaurs
  2 freezing wraiths (Vaults:3)
  2 komodo dragons
  A human skeleton (Vaults:4)
  A polar bear (shapeshifter) (Vaults:3)
  2 trolls
  A polar bear (D:10)
  3 two-headed ogres
  A boulder beetle (Vaults:3)
  9 blink frogs
  4 bog bodies
  3 slime creatures (Swamp:2)
  23 yaks
  2 shadows
  A tarantella (Vaults:5)
  A wraith (D:12)
  A basilisk (Lair:2)
  A hungry ghost (D:11)
  A wyvern (D:13)
  A steam dragon (Lair:6)
  Grum (D:11)
  18 humans (D:14)
  3 hippogriffs
  16 swamp worms
  2 mottled dragons (Lair:6)
  5 water moccasins
  A porcupine (Lair:3)
  A deep troll skeleton (Vaults:4)
  6 orc warriors
  A black bear (Lair:1)
  13 ice beasts
  A sky beast (D:12)
  5 swamp drakes
  7 wasps
  19 wolves
  11 ogres
  An eye of draining (D:10)
  5 centaurs (D:12)
  An elf skeleton (Vaults:4)
  10 crocodiles
  Blork the orc (D:5)
  7 giant frogs
  A gnoll sergeant (D:11)
  A scorpion (D:13)
  3 killer bees (D:12)
  5 wights (D:12)
  An electric eel (Lair:3)
  6 howler monkeys
  2 jellies
  6 orc priests
  7 hounds
  A giant frog skeleton (D:3)
  An orc wizard (D:7)
  2 worker ants (D:11)
  4 iguanas
  A killer bee zombie (D:10)
  5 gnolls (D:11)
  4 adders
  14 river rats
  2 white imps (D:10)
  An ufetubus (D:10)
  3 giant geckos
  21 orcs
  4 bats
  4 giant cockroaches
  3 goblins
  4 hobgoblins
  5 jackals
  3 kobolds
  2 quokkas (D:4)
  2 giant newts
  9 rats
  2 plants (Lair:6)
443 creatures vanquished.

Vanquished Creatures (collateral kills)
  A griffon (Lair:2)
1 creature vanquished.

Vanquished Creatures (others)
  A two-headed ogre (Vaults:5)
  A swamp drake (Swamp:4)
  A river rat (Lair:3)
  6 fungi (Lair:5)
9 creatures vanquished.

Grand Total: 453 creatures vanquished

Notes
Turn   | Place    | Note
-------+----------+-------------------------------------------
     0 | D:1      | 4thArraOfDagon the Deep Dwarf Berserker began the quest for the Orb.
     0 | D:1      | Reached XP level 1. HP: 20/20 MP: 1/1
   144 | D:2      | Reached XP level 2. HP: 27/27 MP: 2/2
   201 | D:3      | Reached skill level 4 in Axes
   201 | D:3      | Reached XP level 3. HP: 33/34 MP: 3/3
   206 | D:3      | Reached ** piety under Trog
   380 | D:3      | Reached XP level 4. HP: 22/42 MP: 4/4
   437 | D:4      | Gained mutation: You can translocate small distances at will. [potion of mutation]
   437 | D:4      | Gained mutation: You are partially covered in rugged brown scales. (AC +1, +3% HP) [potion of mutation]
   437 | D:4      | Gained mutation: Your system is resistant to poisons. (rPois) [potion of mutation]
   462 | D:4      | Found Vumimaz's General Store.
   465 | D:4      | Bought a potion of haste for 110 gold pieces
   606 | D:5      | Entered Level 5 of the Dungeon
   616 | D:5      | Noticed Blork the orc
   626 | D:5      | Killed Blork the orc
   626 | D:5      | Reached skill level 5 in Axes
   626 | D:5      | Reached skill level 1 in Evocations
   626 | D:5      | Reached XP level 5. HP: 28/50 MP: 4/6
   715 | D:5      | Noticed a slave
   746 | D:6      | Found a staircase to the Ecumenical Temple.
   902 | D:7      | Noticed a hungry ghost
   931 | D:7      | Reached XP level 6. HP: 55/57 MP: 7/7
   944 | D:8      | Noticed a two-headed ogre
  1009 | D:8      | Noticed a wyvern
  1035 | D:9      | Gained mutation: You have supernaturally acute eyesight. (SInv) [potion of beneficial mutation]
  1036 | D:9      | Noticed a yak
  1036 | D:9      | Noticed a yak
  1037 | D:9      | Noticed a yak
  1037 | D:9      | Noticed a yak
  1038 | D:9      | Noticed a yak
  1050 | D:9      | Killed a yak
  1050 | D:9      | Reached skill level 6 in Axes
  1051 | D:9      | Killed a yak
  1051 | D:9      | Reached XP level 7. HP: 33/65 MP: 7/9
  1052 | D:9      | Killed a yak
  1052 | D:9      | Reached skill level 7 in Axes
  1053 | D:9      | Killed a yak
  1053 | D:9      | Reached skill level 5 in Armour
  1059 | D:9      | Killed a yak
  1059 | D:9      | Reached XP level 8. HP: 43/75 MP: 7/11
  1122 | D:10     | Entered Level 10 of the Dungeon
  1201 | D:10     | Noticed Urug
  1218 | D:10     | Killed Urug
  1218 | D:10     | Reached skill level 5 in Fighting
  1218 | D:10     | Reached skill level 8 in Axes
  1218 | D:10     | Reached skill level 5 in Evocations
  1283 | D:10     | Noticed a troll
  1284 | D:10     | Noticed a polar bear
  1299 | D:10     | Reached skill level 9 in Axes
  1299 | D:10     | Gained mutation: You passively map the area around you. [Deep Dwarf growth]
  1299 | D:10     | Reached XP level 9. HP: 61/83 MP: 13/13
  1299 | D:10     | Killed a polar bear
  1299 | D:10     | Killed a troll
  1360 | D:10     | Found a staircase to the Lair.
  1398 | Lair:1   | Entered Level 1 of the Lair of Beasts
  1436 | Lair:1   | Reached skill level 10 in Axes
  1643 | Lair:3   | Reached XP level 10. HP: 72/94 MP: 15/15
  1727 | Lair:4   | Reached skill level 11 in Axes
  1796 | Lair:5   | Noticed a black mamba
  1809 | Lair:5   | Killed a black mamba
  1845 | Lair:5   | Noticed a spiny frog
  1846 | Lair:5   | Noticed a spiny frog
  1848 | Lair:5   | Noticed a spiny frog
  1849 | Lair:5   | Noticed a spiny frog
  1849 | Lair:5   | Noticed a spiny frog
  1892 | Lair:5   | Noticed a spiny frog
  1938 | Lair:5   | Killed a spiny frog
  1976 | Lair:6   | Entered Level 6 of the Lair of Beasts
  1980 | Lair:6   | Noticed an oklob plant
  1983 | Lair:6   | Noticed a spiny frog
  2001 | Lair:6   | Killed a spiny frog
  2038 | Lair:6   | Noticed an oklob plant
  2038 | Lair:6   | Noticed an oklob plant
  2060 | Lair:6   | Noticed a seven-headed hydra
  2141 | Lair:6   | Killed a ten-headed hydra
  2154 | Lair:6   | Noticed a spiny frog
  2159 | Lair:6   | Killed a spiny frog
  2159 | Lair:6   | Reached skill level 12 in Axes
  2218 | Lair:6   | Reached XP level 11. HP: 72/103 MP: 18/18
  2300 | Lair:6   | Noticed a fire dragon
  2312 | Lair:6   | Killed a fire dragon
  2325 | Lair:6   | no fda :(
  2465 | Lair:5   | Noticed a death yak
  2475 | Lair:5   | Killed a death yak
  2475 | Lair:5   | Reached skill level 10 in Evocations
  2518 | Lair:5   | Reached skill level 13 in Axes
  2621 | Lair:3   | Noticed an ice dragon
  2658 | Lair:3   | Killed an ice dragon
  2706 | Lair:3   | Reached XP level 12. HP: 46/115 MP: 19/19
  2708 | Lair:3   | Reached skill level 10 in Armour
  2805 | Lair:2   | Noticed a four-headed hydra
  2865 | Lair:2   | Reached skill level 14 in Axes
  2982 | Lair:2   | Noticed Erica
  2985 | Lair:2   | Killed Erica
  3006 | Lair:3   | Noticed a four-headed hydra
  3101 | Lair:3   | Found a staircase to the Swamp.
  3157 | Swamp:1  | Entered Level 1 of the Swamp
  3223 | Swamp:1  | timbw: hi
  3233 | Swamp:1  | Noticed a ghost crab
  3243 | Swamp:1  | Killed a ghost crab
  3271 | Swamp:2  | 4thArraOfDagon: hi
  3285 | Swamp:2  | :(
  3401 | Swamp:3  | Noticed a red very ugly thing
  3401 | Swamp:3  | Noticed a five-headed hydra
  3435 | Swamp:2  | Noticed an alligator
  3435 | Swamp:2  | Noticed an alligator
  3442 | Swamp:2  | Killed an alligator
  3442 | Swamp:2  | Reached skill level 15 in Axes
  3443 | Swamp:2  | Killed an alligator
  3522 | Swamp:4  | Entered Level 4 of the Swamp
  3528 | Swamp:4  | Reached XP level 13. HP: 105/126 MP: 21/21
  3570 | Swamp:4  | Noticed a thorn hunter
  3613 | Swamp:4  | Reached skill level 10 in Fighting
  3651 | Swamp:4  | Killed a thorn hunter
  3716 | Swamp:4  | Noticed a thorn hunter
  3744 | Swamp:4  | Killed a thorn hunter
  3783 | Swamp:4  | :(
  3811 | Swamp:4  | Reached skill level 16 in Axes
  3818 | Swamp:4  | Noticed a thorn hunter
  3839 | Swamp:4  | Got a decaying rune of Zot
  3950 | Swamp:3  | Sagrath01: what's the "unkown command" in the message line?
  3987 | Swamp:2  | timbw: nothing
  4015 | Swamp:2  | timbw: its just the player trying to do something not possible
  4021 | Swamp:2  | timbw: probably due to lag
  4082 | Swamp:1  | Sagrath01: ok
  4413 | D:11     | Found a staircase to the Orcish Mines.
  4414 | D:11     | Found Vofabon's Weapon Shoppe.
  4422 | D:11     | Noticed Grum
  4431 | D:11     | Killed Grum
  4488 | D:11     | Found a flagged portal.
  4501 | Bailey   | Entered a bailey
  4528 | D:11     | 4thArraOfDagon: bad bailey :(
  4612 | D:12     | Gained mutation: You resist negative energy. (rN+) [Deep Dwarf growth]
  4612 | D:12     | Reached XP level 14. HP: 128/139 MP: 17/17
  4671 | D:12     | Reached skill level 17 in Axes
  5098 | D:14     | Found a gate to the Vaults.
  5108 | D:14     | Reached *** piety under Trog
  5152 | Vaults:1 | Entered Level 1 of the Vaults
  5260 | Vaults:3 | Identified a scroll of acquirement
  5267 | Vaults:3 | :(
  5267 | Vaults:3 | 4thArraOfDagon: :(
  5273 | Vaults:3 | Noticed an ironheart preserver
  5287 | Vaults:3 | Killed an ironheart preserver
  5370 | Vaults:3 | Noticed a purple very ugly thing
  5382 | Vaults:3 | Killed a purple very ugly thing
  5382 | Vaults:3 | Reached skill level 18 in Axes
  5426 | Vaults:3 | Noticed an entropy weaver
  5432 | Vaults:3 | an entropy weaver changed into a satyr
  5669 | Vaults:3 | Noticed an ironheart preserver
  5702 | Vaults:3 | Killed an ironheart preserver
  5859 | Vaults:4 | Noticed a vault warden
  5869 | Vaults:4 | Noticed an ironheart preserver
  5873 | Vaults:4 | Killed a vault warden
  5878 | Vaults:4 | Reached XP level 15. HP: 125/148 MP: 14/14
  5919 | Vaults:4 | Noticed Boris
  5953 | Vaults:4 | Noticed a deep elf sorcerer
  5957 | Vaults:4 | Noticed a deep elf sorcerer
  5958 | Vaults:5 | Entered Level 5 of the Vaults
  5958 | Vaults:5 | Noticed a frost giant
  5958 | Vaults:5 | Noticed a titan
  5960 | Vaults:5 | Noticed a titan
  5961 | Vaults:5 | Noticed a tengu reaver
  5961 | Vaults:5 | Noticed Jorgrun
  5966 | Vaults:5 | Noticed a shadow dragon
  5966 | Vaults:5 | Noticed a sphinx
  5979 | Vaults:5 | Found Fakilama's Magic Scroll Shoppe.
  5980 | Vaults:5 | Bought 2 scrolls of identify for 76 gold pieces
  5980 | Vaults:5 | Bought a scroll of teleportation for 57 gold pieces
  5980 | Vaults:5 | Bought a scroll of enchant weapon for 142 gold pieces
  5980 | Vaults:5 | Bought a scroll of teleportation for 57 gold pieces
  5980 | Vaults:5 | Bought a scroll of fog for 38 gold pieces
  6021 | Vaults:5 | Found Pocwout's Distillery.
  6025 | Vaults:5 | Bought a potion of heal wounds for 75 gold pieces
  6025 | Vaults:5 | Bought a potion of resistance for 150 gold pieces
  6025 | Vaults:5 | Bought a potion of might for 60 gold pieces
  6025 | Vaults:5 | Bought a potion of curing for 45 gold pieces
  6050 | Vaults:5 | Noticed a vault warden
  6055 | Vaults:5 | Noticed a tengu reaver
  6056 | Vaults:5 | Noticed a storm dragon
  6084 | Vaults:5 | Noticed a vault warden
  6089 | Vaults:5 | Noticed a storm dragon
  6092 | Vaults:5 | Noticed a frost giant
  6097 | Vaults:5 | Noticed a shadow dragon
  6113 | Vaults:5 | Noticed a vault warden
  6113 | Vaults:5 | Noticed a fire giant
  6113 | Vaults:5 | Noticed a tengu reaver
  6116 | Vaults:5 | Noticed a shadow dragon
  6118 | Vaults:5 | Noticed a tengu reaver
  6122 | Vaults:5 | Noticed a Hell Sentinel
  6124 | Vaults:5 | Noticed a quicksilver dragon
  6130 | Vaults:5 | Noticed a titan
  6132 | Vaults:5 | Noticed a vault warden
  6143 | Vaults:5 | Noticed a tengu reaver
  6145 | Vaults:5 | Found Hajydais's Magic Scroll Emporium.
  6145 | Vaults:5 | Found Zaocil's Distillery.
  6146 | Vaults:5 | Noticed a tengu reaver
  6154 | Vaults:5 | Noticed a titan
  6159 | Vaults:5 | Noticed a lich
  6160 | Vaults:5 | Noticed a quicksilver dragon
  6161 | Vaults:5 | Noticed a quicksilver dragon
  6162 | Vaults:5 | Got an ivory battleaxe
  6166 | Vaults:5 | Identified the +6 battleaxe of Slime {elec, rElec Int+4 Dex+3} (You found it on level 5 of the Vaults)
  6175 | Vaults:5 | Killed a lich
  6181 | Vaults:5 | Killed a quicksilver dragon
  6191 | Vaults:5 | Noticed a shadow dragon
  6205 | Vaults:5 | Noticed a sphinx
  6206 | Vaults:5 | Found Memylil's Distillery.
  6207 | Vaults:5 | Noticed a storm dragon
  6212 | Vaults:5 | Found Borhurul's Distillery.
  6249 | Vaults:5 | Noticed a sphinx
  6253 | Vaults:5 | Noticed a golden dragon
  6267 | Vaults:5 | Noticed a fire giant
  6267 | Vaults:5 | HP: 7/149 [stone giant (12)]
  6267 | Vaults:5 | Mangled by a tengu reaver

Vault maps used:
D:1:      mrwooster_arrival_statue_2, nemelex_diamond_rough_becter
D:2:      serial_bayou_lake_a
D:3:      first_bread
D:4:      serial_shops, nicolae_shop_window_shopping, tgw_sif
D:5:      cheibrodos_ashenzari_chains, okawaru_metal_pillars_3,
          lemuel_doored_altar, minmay_checkerbox, uniq_sigmund,
          uniq_blork_the_orc, uniq_pikel
D:6:      marbit_many_paths, serial_shops, shop, nrook_loot_triangle,
          minmay_misc_feat_hallway, interstate_on_off, uniq_prince_ribbit1
D:8:      grunt_temple_overflow_open
D:9:      kennysheep_little_box, nemelex_xobeh_ov_fountains_minmay,
          grunt_ogre_cave
D:10:     erik_lair_island, serial_ice, serial_ice_c, serial_ice_e,
          serial_ice_n, serial_ice_k, nicolae_wwwww, uniq_urug
D:11:     orc_david_3, enter_bailey_2, nicolae_straight_to_the_point, uniq_grum
D:14:     grunt_vaults_entry_tiered
Lair:1:   grunt_forest_large_clearings, infiniplex_staircase_pool_2,
          uniq_nergalle, uniq_sonja
Lair:2:   uniq_erica
Lair:3:   nicolae_swamp_entry_splash_gauntlet,
          minmay_guarded_unrand_chilly_death, uniq_gastronok
Lair:4:   minmay_snake_entry_guardpost_medium
Lair:5:   slime_altar_1, beast_lair_carwin_4, grunt_megastairs_4, uniq_kirke
Lair:6:   guppyfry_lair_end_dragon, dpeg_oklob_1
Swamp:1:  serial_swamp_ruin, evilmike_swamp_ruin_rubble_2,
          evilmike_swamp_ruin_house_2, evilmike_swamp_ruin_house_5, swamp_pool5
Swamp:2:  nicolae_swamp_dense_foliage
Swamp:3:  nicolae_swamp_very_dense_foliage, swamp_pool1,
          hangedman_swamp_ravenous, uniq_roxanne
Swamp:4:  swamp, swamp_pool2
Vaults:1: nicolae_vaults_little_ls, vaults_room_grunt_arrival_checkpoint,
          ontoclasm_vaults_ring_large, hangedman_vaults_stitches,
          ontoclasm_vaults_twist, vaults_room_hallway, st_octagons_2,
          hangedman_vaults_unwind, hangedman_vaults_corner_blocks, v_misc_26,
          vaults_room_door_hall, ontoclasm_vaults_fault,
          nicolae_trove_entry_path_of_doom
Vaults:2: v_rooms_5, v_rooms_5, st_greater_box_4, ontoclasm_vaults_ligature,
          v_misc_14, v_misc_12, vaults_room_door_hall, ontoclasm_vaults_gateway,
          nicolae_vaults_shelves_hall, vaults_room_corners,
          dpeg_vaults_monster_box, uniq_margery, uniq_aizul
Vaults:3: vaults_dpeg_hooks, v_misc_3, vaults_room_fours, v_rooms_5,
          nicolae_vaults_ring_of_whatevers, nicolae_vaults_quadrants,
          nicolae_vaults_three_branches, v_misc_5, nicolae_vaults_alarming,
          minmay_crypt_entry_nasty_monster, serial_shops, shop
Vaults:4: vaults_room_boxed, v_misc_4, hangedman_vaults_nodes,
          vaults_room_corners, nicolae_vaults_little_squares_3,
          nicolae_vaults_big_ls, hangedman_vaults_stream,
          nicolae_vaults_little_squares_2, ontoclasm_vaults_tryst,
          vaults_dpeg_doors, st_cells, nicolae_vaults_asterisk, uniq_saint_roka,
          uniq_mara, uniq_frederick, uniq_boris, uniq_xtahua
Vaults:5: uniq_jorgrun
Bailey:   bailey_axe_2, bailey

Skill      XL: |  1  2  3  4  5  6  7  8  9 10 11 12 13 14 15 |
---------------+----------------------------------------------+-----
Fighting       | 3 4 5 6 7 8 9 11 12 | 12.2
Axes           | 4 5 6 7 9 10 12 13 15 16 18 | 18.8
Armour         | 3 4 5 6 7 8 9 11 12 13 14 | 14.1
Evocations     | 1 2 3 4 6 7 9 10 12 14 | 14.0
Dodging        | |  2.1

Action                   |  1- 3 |  4- 6 |  7- 9 | 10-12 | 13-15 || total
-------------------------+-------+-------+-------+-------+-------++-------
Melee: Hand axe          |    49 |    93 |    34 |       |       ||   176
       Battleaxe         |       |       |    78 |   308 |   546 ||   932
Invok: Berserk           |     2 |     4 |     5 |    18 |    22 ||    51
       Trog's Hand       |       |     5 |     7 |    48 |    59 ||   119
       Burn Spellbooks   |       |       |       |       |     2 ||     2
 Abil: Device Recharging |       |       |       |     1 |    20 ||    21
Evoke: Wand              |     1 |     6 |     2 |     4 |   102 ||   115
  Use: Potion            |       |     3 |     1 |       |    12 ||    16
       Scroll            |       |     5 |     3 |    16 |    16 ||    40
 Stab: Sleeping          |     2 |       |       |       |       ||     2
  Eat: Chunk             |       |     1 |     5 |    35 |    41 ||    82
       Meat ration       |       |     1 |       |     2 |     1 ||     4
       Bread ration      |       |     2 |       |       |     1 ||     3
       Fruit             |       |       |     3 |       |     4 ||     7
       Beef jerky        |       |       |       |       |     3 ||     3
Armor: Animal skin       |    17 |       |       |       |       ||    17
       Ring mail         |    15 |    56 |     9 |       |       ||    80
       Plate armour      |       |       |   134 |   265 |   508 ||   907
       Skin              |       |       |     4 |       |       ||     4
Dodge: Dodged            |    83 |    63 |   101 |   158 |   285 ||   690
